 Dungeon Crawl Stone Soup version 0.29.1-15-g9cfb28693d (webtiles) character file.

Game seed: 9886787790350505420

55 Gabide the Trooper (level 3, 0/29 HPs)
             Began as a Mummy Berserker on Apr 13, 2023.
             Was a Believer of Trog.
             Slain by a goblin
             ... wielding a +0 dagger
             ... led by Robin
              (5 damage)
             ... on level 2 of the Dungeon.
             The game lasted 00:02:26 (1807 turns).

Gabide the Trooper (Mummy Berserker)                Turns: 1807, Time: 00:02:27

Health: 0/29       AC:  3    Str: 22    XL:     3   Next: 67%
Magic:  3/3        EV: 12    Int:  6    God:    Trog [**....]
Gold:   65         SH:  0    Dex: 11    Spells: 2/2 levels left

rFire   x . .      SeeInvis .     - Unarmed
rCold   + . .      Faith    .   (no shield)
rNeg    + + +      Spirit   .   a - +1 animal skin
rPois   ∞          Reflect  .   (no helmet)
rElec   .          Harm     .   (no cloak)
rCorr   .          Rampage  .   (no gloves)
Will    .....                   (no boots)
Stlth   +.........              (no amulet)
HPRegen 0.09/turn               (no ring)
MPRegen 0.08/turn               (no ring)

@: no status effects
A: cold resistance 1, negative energy resistance 3, torment resistance 2, heat
vulnerability 1, in touch with death 1, no potions
a: Renounce Religion, Trog's Hand


You were on level 2 of the Dungeon.
You worshipped Trog.
Trog was pleased with you.
You visited 1 branch of the dungeon, and saw 2 of its levels.

You collected 65 gold pieces.

Inventory:

Armour
 a - a +1 animal skin (worn)
Scrolls
 b - a scroll of blinking {unknown}
 c - a scroll of immolation {unknown}
 d - a scroll of identify {unknown}


   Skills:
 + Level 3.4 Fighting
 - Level 1.5 Armour
 + Level 2.1 Dodging
 * Level 3.2 Unarmed Combat


You had 2 spell levels left.
You didn't know any spells.
Your spell library was empty.

Dungeon Overview and Level Annotations

Branches:
Dungeon (2/15)

Altars:

Annotations:
D:2 1 runed translucent door, Crazy Yiuf, Robin


Innate Abilities, Weirdness & Mutations

You are immune to poison.
Your flesh is cold resistant. (rC+)
You are immune to negative energy. (rN+++)
You are immune to unholy pain and torment.
You are vulnerable to heat. (rF-)
You are in touch with the powers of death.
You do not drink.


Message History

Robin says, "Kneel, worm!"
Robin roars a battlecry!
The goblins go into a battle-frenzy!
The goblin shoots a sling bullet.
The sling bullet completely misses you.
The goblin shoots a sling bullet.
The sling bullet barely misses you.
Your skin crawls.
You feel strong-willed.
The goblin no longer looks unusually strong.
Robin roars a battlecry!
The goblin goes into a battle-frenzy!
The goblin shoots a sling bullet.
The sling bullet hits you.
You feel the effects of Trog's Hand fading.
The goblin shoots a sling bullet.
The sling bullet barely misses you.
A hobgoblin comes into view.
The goblin shoots a sling bullet.
The sling bullet closely misses you.
The goblin shoots a sling bullet.
The sling bullet hits you. Robin throws the goblin at you!
The goblin closely misses you. Robin throws the goblin at you!
The hobgoblin barely misses you.
The goblin unwields a +0 sling.
The goblin wields a +0 club.
The goblin barely misses you.
You punch the goblin!
You kill the goblin!
Trog accepts your kill. Robin throws the goblin at you! The goblin misses you.
The goblin hits you with a +0 club.
The goblin shoots a sling bullet.
The sling bullet barely misses you.
The goblin shoots a sling bullet.
The sling bullet hits you.
Your skin stops crawling.
You feel less strong-willed. The goblin hits you with a +0 club.
The hobgoblin misses you.
Robin points. "Kill!"
Robin throws the goblin at you!
You hit the goblin.
The goblin is moderately wounded.
The goblin hits you with a +0 dagger. The goblin hits you but does no damage.
The hobgoblin hits you.
* * * LOW HITPOINT WARNING * * *
The goblin hits you but does no damage.
You are already empty-handed.
You closely miss the hobgoblin. The goblin hits you with a +0 dagger.
You die...

.w....########g....#
#.....# #.....#
###w..####.....#
#......).....#
#...............
#.g..........##.
#.gg.g.......#
#ggg...........
#g@...........#.
#g##.(........#
#.......#.....#
####.†..#..#..
#.....#.# ...>
#.###.#.#.##.. #
#)#.#.....
#.........
#...#.^...


You could see a worm, Robin, 3 hobgoblins and 5 goblins.

Vanquished Creatures
  An adder (D:2)
  3 ball pythons
  4 endoplasms
  A giant cockroach (D:2)
  6 goblins
  4 hobgoblins
  6 jackals (D:1)
  4 kobolds
  2 quokkas (D:1)
  5 frilled lizards (D:1)
  4 rats (D:1)
40 creatures vanquished.

Notes
Turn   | Place    | Note
-------+----------+-------------------------------------------
     0 | D:1      | Gabide the Mummy Berserker began the quest for the Orb.
     0 | D:1      | Reached XP level 1. HP: 18/18 MP: 1/1
   382 | D:1      | Reached XP level 2. HP: 24/24 MP: 2/2
   858 | D:1      | Reached ** piety under Trog
  1111 | D:1      | Gained mutation: You are in touch with the powers of death.
                  | [Mummy growth]
  1111 | D:1      | Reached XP level 3. HP: 25/29 MP: 3/3
  1688 | D:2      | Found a runed translucent door.
  1689 | D:2      | Noticed Crazy Yiuf
  1776 | D:2      | Noticed Robin
  1807 | D:2      | Slain by a goblin

Illustrated notes

Levels and vault maps discovered:
D:1:      roderic_dead_forest, layout_basic
D:2:      layout_basic, hellmonk_ecumenical_altar_inner_sanctum,
          hangedman_decor_opposing, amethyst_killhole, minmay_heptomino_h4,
          uniq_crazy_yiuf_cottage, uniq_robin

Skill      XL: |  1  2 |
---------------+-------+-----
Dodging        | 2 |  2.1
Unarmed Combat | 3 |  3.2
Fighting       | |  3.4
Armour         | |  1.5

Action                   || total
-------------------------++-------
Melee: Unarmed           ||   151
Invok: Trog's Hand       ||     2
  Use: Scroll            ||     2
 Stab: Sleeping          ||     1
Armor: Animal skin       ||    39
Dodge: Dodged            ||    94
